 Dungeon Crawl Stone Soup version 0.25.1-2-g60ff931df9 (webtiles) character file.

Game seed: 10442040330004537603

1820 hawla the Grasshopper (level 8, -9/93 HPs)
             Began as a Purple Draconian Conjurer on Nov 18, 2020.
             Mangled by an ogre
             ... wielding a +0 giant club
              (13 damage)
             ... on level 6 of the Dungeon.
             The game lasted 00:23:37 (7840 turns).

hawla the Grasshopper (Purple Draconian Conjurer)   Turns: 7840, Time: 00:23:40

Health: -9/93      AC: 24    Str: 11 (12) XL:     8   Next: 85%
Magic:  14/17      EV:  2    Int: 15 (17) God:
Gold:   262        SH:  0    Dex:  9 (11) Spells: 8/20 levels left

rFire    . . .     SeeInvis .   x - +0 quarterstaff
rCold    . . .     Gourm    .   (shield currently unavailable)
rNeg     + + +     Faith    .   (armour unavailable)
rPois    +         Spirit   .   (helmet currently unavailable)
rElec    .         Reflect  .   (cloak currently unavailable)
rCorr    .         Harm     .   (gloves currently unavailable)
MR       +....     NoTele   +   (boots currently unavailable)
Stlth    +++.......             (no amulet)
HPRegen  0.25/turn              f - ring of positive energy
MPRegen  0.15/turn              l - ring of stealth

@: tree-form, lightly drained
A: (breathe power), unfitting armour, AC +6
a: no special abilities


You were on level 6 of the Dungeon.
You were not hungry.
You were a tree.
You visited 1 branch of the dungeon, and saw 6 of its levels.

You collected 262 gold pieces.

Inventory:

Hand Weapons
 x - a +0 quarterstaff (weapon)
Missiles
 a - 9 boomerangs
 d - 3 throwing nets (quivered)
Armour
 r - a +2 pair of boots (melded)
 s - a scarf of repulsion (melded)
 v - a +0 pair of gloves (melded)
Jewellery
 e - an uncursed ring of fire
 f - a ring of positive energy (left branch)
 k - an uncursed amulet of regeneration
 l - a ring of stealth (right branch)
Wands
 w - a wand of flame (18)
Scrolls
 g - 3 scrolls of remove curse
 m - 2 scrolls of magic mapping
 u - a scroll of enchant weapon
Potions
 c - 2 potions of degeneration
 i - a potion of might
 o - a potion of haste
 q - a potion of lignification
Comestibles
 b - 10 rations


   Skills:
 - Level 2.3(2.2) Fighting
 - Level 3.5 Dodging
 - Level 3.0(2.9) Stealth
 + Level 6.5 Spellcasting
 + Level 6.5(6.4) Conjurations
 - Level 6.6 Translocations
 + Level 1.0(0.9) Fire Magic
 + Level 0.9(0.8) Earth Magic


You had 8 spell levels left.
You knew the following spells:

 Your Spells              Type           Power        Failure   Level  Hunger
a - Magic Dart            Conj           ###.         1%          1    None
b - Searing Ray           Conj           ###...       1%          2    #......
c - Iskenderun's Mystic   Conj/Tloc      ###.....     10%         4    ####...
d - Bolt of Magma         Conj/Fire/Erth ##........   77%         5    ######.

Your spell library contained the following spells:

 Spells                   Type           Power        Failure   Level  Hunger
 Dazzling Flash           Conj/Hex       ##....       11%         3    ##.....
 Fulminant Prism          Conj/Hex       ##........   36%         4    ####...
 Leda's Liquefaction      Hex/Erth       #.........   75%         4    ####...
 Iron Shot                Conj/Erth      ###.......   99%         6    #######
 Statue Form              Tmut/Erth      #........    100%        6    #######
 Shatter                  Erth           #.........   100%        9    #######


Dungeon Overview and Level Annotations

Branches:
Dungeon (6/15)
 Temple: D:4-7

Altars:
Qazlal
Yredelemnul

Shops:
D:4 *


Innate Abilities, Weirdness & Mutations

((You can breathe bolts of dispelling energy.))
((Your rich purple scales are hard. (AC +6)))
You cannot fit into any form of body armour.
((You are cold-blooded and may be slowed by cold attacks.))
((You have a pair of small antennae on your head.))
((Your large and strong wings let you fly indefinitely.))
((You have sharp fingernails.))
((You are resistant to electric shocks. (rElec)))


Message History

The searing ray hits the ogre!
The ogre is heavily wounded.
The ogre hits you with a +0 giant club!!
* * * LOW HITPOINT WARNING * * *
You feel better.
An orc comes into view. It is wielding a +0 short sword.
The orc priest hits you but does no damage.
It was a potion of degeneration.
There was something very wrong with that liquid.
You feel weakened.
You feel dopey.
You feel clumsy. The ogre hits you with a +0 giant club!
* * * LOW HITPOINT WARNING * * *
The orc priest hits you but does no damage.
It was a potion of lignification.
You turn into a tree.
Your scarf of repulsion melds into your body.
Your +0 pair of gloves melds into your body.
Your +2 pair of boots melds into your body.
The haze of the repulsion field disappears.
Your roots penetrate the ground.
The ogre hits you with a +0 giant club!
You die...

..
#.##.########
..##.#.....#...
............ .
...........#.#
.........#.#.#
.............#
........[(.#.#
#....O♣o....#
#....).##.###
#.(.##.##.#
..o. ..##o#
#######.##z####
#.......o..###
##...###o....#
#.#.###o#.###
#.....)o..#


You could see an ogre, an orc priest and an orc.

Vanquished Creatures
  Prince Ribbit (D:5)
  An ice beast (D:5)
  A sky beast (D:4)
  4 ogres
  A centaur (D:6)
  3 wights
  2 crimson imps (D:5)
  A hound (D:4)
  3 orc priests (D:4)
  A bullfrog skeleton (D:4)
  Jessica (D:2)
  A centaur skeleton (D:5)
  Natasha (D:3)
  5 orc wizards
  3 worker ants
  A hound zombie (D:5)
  2 hound skeletons
  Robin (D:2)
  2 worker ant zombies (D:5)
  10 adders
  6 gnolls
  2 adder skeletons
  5 worms
  2 dart slugs (D:1)
  3 leopard geckos
  29 orcs
  8 bats
  3 giant cockroaches
  2 gnoll zombies (D:3)
  12 goblins (D:2)
  14 hobgoblins
  A ball python (D:2)
  6 frilled lizards
  6 kobolds
  A quokka skeleton (D:4)
  7 rats
152 creatures vanquished.

Notes
Turn   | Place    | Note
-------+----------+-------------------------------------------
     0 | D:1      | hawla the Draconian Conjurer began the quest for the Orb.
     0 | D:1      | Reached XP level 1. HP: 14/14 MP: 3/3
   321 | D:1      | Reached XP level 2. HP: 20/20 MP: 2/5
  1107 | D:2      | Noticed Jessica
  1126 | D:2      | Killed Jessica
  1126 | D:2      | Reached XP level 3. HP: 17/26 MP: 0/8
  1133 | D:2      | Learned a level 2 spell: Searing Ray
  1681 | D:2      | Reached XP level 4. HP: 33/33 MP: 5/9
  1687 | D:2      | Learned a level 4 spell: Iskenderun's Mystic Blast
  1848 | D:2      | Reached skill level 1 in Translocations
  1865 | D:2      | Noticed Robin
  1890 | D:2      | Killed Robin
  2381 | D:2      | Reached XP level 5. HP: 38/38 MP: 6/10
  2995 | D:3      | Found a basalt altar of Yredelemnul.
  4022 | D:3      | Noticed Natasha
  4027 | D:3      | Killed Natasha
  4027 | D:3      | Reached XP level 6. HP: 37/45 MP: 3/11
  4636 | D:4      | Noticed a sky beast
  4646 | D:4      | Killed a sky beast
  4646 | D:4      | Reached skill level 5 in Translocations
  4929 | D:4      | Found Wnetily's Whimsical Warehouse.
  4958 | D:4      | Reached skill level 5 in Conjurations
  4958 | D:4      | Your scales start taking on a rich purple colour.
  4958 | D:4      | Reached XP level 7. HP: 50/50 MP: 7/14
  5030 | D:4      | Reached skill level 5 in Spellcasting
  6148 | D:5      | Entered Level 5 of the Dungeon
  6399 | D:5      | Reached XP level 8. HP: 34/57 MP: 8/16
  7117 | D:5      | Found a stormy altar of Qazlal.
  7215 | D:5      | Reached skill level 1 in Fighting
  7275 | D:5      | Noticed Prince Ribbit
  7280 | D:5      | Killed Prince Ribbit
  7545 | D:6      | Gained mutation: Your large and strong wings let you fly
                  | indefinitely. [potion of mutation]
  7545 | D:6      | Gained mutation: You have sharp fingernails. [potion of
                  | mutation]
  7545 | D:6      | Gained mutation: You have a pair of small antennae on your
                  | head. [potion of mutation]
  7545 | D:6      | Gained mutation: You are resistant to electric shocks.
                  | (rElec) [potion of mutation]
  7709 | D:5      | Learned a level 5 spell: Bolt of Magma
  7738 | D:5      | Reached skill level 1 in Fire Magic
  7837 | D:6      | HP: 1/62 [ogre/+0 giant club (21)]
  7840 | D:6      | Mangled by an ogre

Illustrated notes

Levels and vault maps discovered:
D:1:      ncdulo_smallfort, layout_loops_ring
D:2:      layout_rooms, minmay_octomino_e4, uniq_robin, uniq_jessica
D:3:      layout_rooms, lemuel_zombie_altar_yredelemnul, first_ration,
          serial_bayou_pond_c, minmay_quadrilaterals, uniq_natasha
D:4:      layout_loops_cross, nicolae_alphabet_shops, bh_walls_and_bars
D:5:      layout_loops_ring, nicolae_qazlal_general_emergency,
          uniq_prince_ribbit1
D:6:      layout_basic, overflow_temple_1_default

Skill      XL: |  1  2  3  4  5  6  7  8 |
---------------+-------------------------+-----
Spellcasting   | 3 4 5 6 |  6.5
Translocations | 2 4 5 6 |  6.6
Conjurations   | 5 6 |  6.5
Dodging        | 3 |  3.5
Fighting       | 2 |  2.3
Stealth        | 3 |  3.0
Fire Magic     | 1 |  1.0
Earth Magic    | |  0.9

Action                   |  1- 3 |  4- 6 |  7- 9 || total
-------------------------+-------+-------+-------++-------
Melee: Unarmed           |    15 |       |       ||    15
       Tailslap          |     3 |     1 |     2 ||     6
       Dagger            |       |    19 |       ||    19
       Whip              |       |    17 |    10 ||    27
       Quarterstaff      |       |       |     6 ||     6
Throw: Throwing net      |       |       |     1 ||     1
 Cast: Magic Dart        |    69 |   123 |    47 ||   239
       Searing Ray       |     6 |    27 |    40 ||    73
       Iskenderun's Myst |       |     1 |    12 ||    13
 Abil: Breathe Dispellin |       |       |     2 ||     2
  Use: Potion            |     4 |     6 |     5 ||    15
       Scroll            |     3 |     5 |     3 ||    11
  Eat: Chunk             |     3 |    11 |     8 ||    22
       Ration            |       |       |     1 ||     1
Armor: Skin              |     6 |    19 |    10 ||    35
Dodge: Dodged            |    17 |    56 |    30 ||   103
       Repelled          |       |       |     1 ||     1
